 Dungeon Sprint DCSS version 0.24.1-14-gf8d2b509d9 (webtiles) character file.

Game seed: 14082561869076901280, levelgen mode: deterministic

439 Baz the Cleaver (level 7, -1/70 HPs)
             Began as a Hill Orc Fighter on Oct 2, 2020.
             Was an Initiate of Cheibriados.
             Slain by Sonja
             ... wielding a +0 dagger of draining
              (2 damage)
             ... in the Dungeon (Sprint I: "Red Sonja").
             The game lasted 00:03:05 (509 turns).

Baz the Cleaver (Hill Orc Fighter)                   Turns: 509, Time: 00:03:06

Health: -1/70      AC:  6    Str: 22    XL:     7   Next: 1%
Magic:  4/7        EV:  6    Int:  9    God:    Cheibriados [......]
Gold:   311        SH:  7    Dex: 11    Spells: 6/6 levels left

rFire    . . .     SeeInvis .   a - +0 war axe
rCold    . . .     Gourm    .   c - +0 shield
rNeg     . . .     Faith    .   b - +0 scale mail
rPois    .         Spirit   .   (no helmet)
rElec    .         Reflect  .   (no cloak)
rCorr    .         Harm     .   (no gloves)
MR       .....     NoTele   +   (no boots)
Stlth    ..........             (no amulet)
HPRegen  0.21/turn              (no ring)
MPRegen  0.10/turn              (no ring)

@: slowed, extremely drained, very slow
A: no striking features
a: Bend Time, Renounce Religion


You were in the Dungeon.
You worshipped Cheibriados.
Cheibriados was noncommittal.
You were not hungry.

You visited 1 branch You collected 311 gold pieces.

Inventory:

Hand Weapons
 a - a +0 war axe (weapon)
Armour
 b - a +0 scale mail (worn)
 c - a +0 shield (worn)
Wands
 d - a wand of flame (22)
Scrolls
 k - a scroll of blinking
Potions
 e - a potion of curing
 h - a potion of haste
 i - 2 potions of magic
Comestibles
 f - 2 rations


   Skills:
 + Level 9.4(0.0) Fighting
 + Level 9.8(0.0) Axes
 + Level 8.6(0.0) Armour
 + Level 8.6(0.0) Shields
 + Level 0.0 Invocations


You had 6 spell levels left.
You didn't know any spells.
Your spell library was empty.

Dungeon Overview and Level Annotations

Branches:
Dungeon (1/1)

Altars:
Cheibriados
Dithmenos
Elyvilon
Fedhas
Gozag
Hepliaklqana
Kikubaaqudgha
Nemelex Xobeh
Okawaru
Qazlal
Ru
Sif Muna
Trog
Uskayaw
Vehumet
Wu Jian
Yredelemnul
Zin
The Shining One

Shops:
D :

Annotations:
D Sonja


Message History

Sonja hits you but does no damage.
You feel drained.
Sonja says, "If only old Madame Brzewit could see me now!"
Sonja hits you with a +0 dagger of draining.
* * * LOW HITPOINT WARNING * * *
You feel drained.
* * * LOW HITPOINT WARNING * * *
Sonja hits you but does no damage.
You feel drained. Sonja hits you but does no damage.
You feel drained. You block Sonja's attack. Sonja hits you but does no damage.
You feel drained.
Sonja hits you with a +0 dagger of draining.
* * * LOW HITPOINT WARNING * * *
You feel drained.
* * * LOW HITPOINT WARNING * * *
Unknown command.
Unknown command.
Unknown command.
Unknown command.
You fail to use your ability.
Sonja hits you with a +0 dagger of draining.
You die...

#<.#..)..#..'..#
#..'..#..').#..+
#..#####'#####'#
#..####..#...#.#
#..#__####..##.#
#).#_____##'#_.+
#⌠⌠#_.∩...'..._#
####_..__##_K#'#
#_____###@#)#
####### #(###
+$.$+ #$.$#
##.## #+#


You could see Sonja.

Vanquished Creatures
  Sigmund (D)
  A yak (D)
  An ogre (D)
  A jelly (D)
  Ijyb (D)
5 creatures vanquished.

Notes
Turn   | Place    | Note
-------+----------+-------------------------------------------
     0 | D        | Baz the Hill Orc Fighter began the quest for the Orb.
     0 | D        | Reached XP level 1. HP: 19/19 MP: 1/1
     1 | D        | Noticed Ijyb
    60 | D        | Killed Ijyb
    60 | D        | Reached skill level 5 in Fighting
    60 | D        | Reached XP level 2. HP: 15/29 MP: 2/2
    60 | D        | Reached XP level 3. HP: 18/36 MP: 3/3
   207 | D        | Noticed an ogre
   210 | D        | Killed an ogre
   210 | D        | Reached XP level 4. HP: 45/45 MP: 4/4
   214 | D        | Noticed Sigmund
   224 | D        | Killed Sigmund
   224 | D        | Reached XP level 5. HP: 33/55 MP: 5/5
   224 | D        | Reached XP level 6. HP: 37/62 MP: 6/6
   249 | D        | Found an ornate altar of the Wu Jian Council.
   249 | D        | Found a shimmering blue altar of Sif Muna.
   251 | D        | Found a radiant altar of Vehumet.
   265 | D        | Found Felozxuo's Book Emporium.
   265 | D        | Found an ancient bone altar of Kikubaaqudgha.
   265 | D        | Found a hazy altar of Hepliaklqana.
   265 | D        | Found a stormy altar of Qazlal.
   265 | D        | Found a hide-covered altar of Uskayaw.
   265 | D        | Found a blossoming altar of Fedhas.
   265 | D        | Found a bloodstained altar of Trog.
   265 | D        | Found an iron altar of Okawaru.
   265 | D        | Found a basalt altar of Yredelemnul.
   265 | D        | Found a glowing golden altar of the Shining One.
   265 | D        | Found a snail-covered altar of Cheibriados.
   265 | D        | Found a sacrificial altar of Ru.
   265 | D        | Found a glowing silver altar of Zin.
   265 | D        | Found a shadowy altar of Dithmenos.
   265 | D        | Found a white marble altar of Elyvilon.
   265 | D        | Noticed a yak
   269 | D        | Killed a yak
   269 | D        | Reached XP level 7. HP: 33/70 MP: 7/7
   270 | D        | Found an opulent altar of Gozag.
   273 | D        | Found a sparkling altar of Nemelex Xobeh.
   447 | D        | Became a worshipper of Cheibriados the Contemplative
   488 | D        | Noticed Sonja
   508 | D        | HP: 2/70 [Sonja/+0 dagger of draining (2)]
   509 | D        | Slain by Sonja

Levels and vault maps discovered:
D:        dungeon_sprint_1 [red_sonja_temple_1, red_sonja_temple_small_1]

Skill      XL: |  1  2  3  4  5  6 |
---------------+-------------------+-----
Fighting       | 5 6 8 9 |  9.4
Axes           | 4 6 8 9 |  9.8
Armour         | 4 6 7 8 |  8.6
Shields        | 4 6 7 8 |  8.6

Action                   |  1- 3 |  4- 6 |  7- 9 || total
-------------------------+-------+-------+-------++-------
Melee: War axe           |    16 |    12 |     6 ||    34
       Unarmed           |     1 |       |       ||     1
Invok: Bend Time         |       |       |     2 ||     2
  Use: Potion            |     1 |     1 |     2 ||     4
Armor: Scale mail        |     7 |     1 |    17 ||    25
Dodge: Dodged            |     7 |     4 |    16 ||    27
Block: Shield            |     5 |     4 |    18 ||    27
